Map: Ever Dream LE

Players

Massa - Winner!

  • Race: Terran Terran
  • League: Gold
  • Spawn Location: 1:00

raa

  • Race: Protoss Protoss
  • League: Platinum
  • Spawn Location: 7:00

VOD

Have the link to the VOD?

Description

Time

  • Played on: Aug. 31, 2020, 1:17 p.m.
  • Length: 10:31
Show
View Real Time Build Order
Export as new Build Order

Massa Terran - Winner!

Build Orders: Gas First Reaper Expand 

Get SALT Encoding   

  12  0:01  SCV  
  13  0:13  SCV  
  14  0:19  Supply Depot  
  14  0:25  SCV  
  15  0:31  Refinery  
  15  0:41  SCV  
  16  0:45  Barracks  
  16  0:53  SCV  
  17  1:05  SCV  
  18  1:17  SCV  
  19  1:31  Orbital Command  
  19  1:32  Reaper  
  20  1:44  Command Center  
  20  2:04  Marine  
  20  2:05  Supply Depot  
  21  2:09  SCV  
  22  2:17  Factory  
  22  2:21  SCV  
  22  2:33  SCV  
  22  2:34  Barracks Tech Lab  
  23  2:45  SCV  
  24  2:53  Barracks  
  24  2:56  Command Center  
  24  3:00  Refinery, SCV  
  24  3:01  SCV  
  24  3:03  Factory Tech Lab  
  26  3:07  Marauder  
  28  3:20  Barracks  
  28  3:25  Widow Mine  
  30  3:29  Marauder  
  32  3:39  Concussive Shells  
  32  3:41  Orbital Command  
  32  3:43  Barracks Reactor  
  32  3:46  Widow Mine  
  34  3:50  Marauder  
  36  4:00  SCV  
  37  4:06  Barracks Reactor  
  37  4:11  Refinery, Marauder  
  37  4:12  SCV  
  40  4:22  Orbital Command  
  40  4:24  SCV  
  40  4:26  SCV  
  42  4:34  Marine x2  
  42  4:36  SCV  
  45  4:38  SCV  
  45  4:42  Starport  
  46  4:48  SCV  
  46  4:51  Marine  
  46  4:52  Marine  
  49  5:02  Siege Tank  
  49  5:03  Marine  
  49  5:04  Marine  
  54  5:09  Marine x2  
  54  5:12  Engineering Bay  
  54  5:13  Engineering Bay  
  56  5:17  Armory  
  56  5:21  Marine x2  
  56  5:24  Barracks  
  56  5:27  Stimpack  
  58  5:34  Marine x2  
  58  5:35  Marauder  
  56  5:39  Marine x2  
  56  5:41  Medivac  
  52  5:56  Marauder  
  52  6:02  SCV x3  
  49  6:14  SCV  
  49  6:17  Marauder  
  52  6:30  Marine  
  53  6:34  Barracks Tech Lab  
  53  6:42  Supply Depot  
  53  6:43  Terran Infantry Weapons Level 1  
  53  7:00  Terran Vehicle Weapons Level 1  
  53  7:01  Combat Shield  
  53  7:04  SCV x2, Marauder x2, Marine x2  
  61  7:22  Supply Depot  
  61  7:27  SCV  
  61  7:36  Marine  
  61  7:39  Marine x2  
  61  7:40  Marauder, Siege Tank  
  61  7:44  Marauder, Medivac  
  63  7:46  Marine  
  66  7:54  Marine  
  66  7:55  Supply Depot  
  66  7:57  Marine x2  
  69  7:59  Supply Depot x2  
  69  8:03  Supply Depot  
  69  8:04  Missile Turret  
  69  8:16  Marine x2  
  69  8:17  SCV x2, Marauder x2  
  77  8:20  SCV, Marine, Medivac, Siege Tank  
  77  8:22  Supply Depot  
  77  8:26  Missile Turret  
  84  8:29  SCV x2  
  84  8:33  SCV  
  87  8:34  Terran Infantry Armor Level 1  
  87  8:38  Marauder x2, Marine x3  
  94  9:00  Marauder  
  96  9:04  Orbital Command  
  82  10:15  Missile Turret  
Show
View Real Time Build Order
Export as new Build Order

raa Protoss 

Build Orders: Blink Stalkers 

Get SALT Encoding   

  12  0:12  Pylon  
  12  0:15  Probe (Chrono Boost)  
  13  0:24  Probe (Chrono Boost)  
  14  0:35  Gateway  
  14  0:49  Forge  
  14  0:52  Assimilator  
  14  0:57  Assimilator  
  14  1:02  Probe (Chrono Boost)  
  16  1:13  Probe (Chrono Boost)  
  16  1:23  Photon Cannon  
  16  1:29  Cybernetics Core  
  16  1:31  Probe  
  17  1:43  Probe  
  18  1:54  Pylon  
  18  1:55  Probe  
  19  2:07  Probe (Chrono Boost), Warp Gate  
  20  2:10  Stalker  
  22  2:19  Probe (Chrono Boost)  
  23  2:27  Probe (Chrono Boost)  
  24  2:39  Twilight Council  
  24  2:48  Stalker  
  26  2:55  Gateway  
  26  3:07  Robotics Facility  
  26  3:14  Blink (Chrono Boost)  
  26  3:29  Gateway  
  26  3:38  Gateway  
  26  3:45  Pylon  
  26  3:59  Warp Prism  
  28  4:09  Stalker  
  30  4:18  Pylon  
  30  4:26  Stalker  
  32  4:41  Pylon  
  32  4:46  Pylon  
  32  4:59  Observer  
  33  5:23  Stalker x3  
  33  5:24  Stalker  
  33  5:49  Stalker  
  31  5:50  Stalker x2  
  31  5:51  Stalker  
  23  6:20  Nexus  
  23  6:24  Assimilator  
  23  6:26  Assimilator  
  23  6:29  Pylon  
  23  7:00  Dark Shrine  
  23  7:04  Stalker  
  23  7:05  Stalker x2  
  29  7:15  Stalker  
  29  7:33  Stalker  
  29  7:34  Stalker  
  27  7:42  Stalker  
  27  7:43  Probe (Chrono Boost)  
  30  7:57  Probe (Chrono Boost)  
  32  8:00  Probe (Chrono Boost)  
  32  8:04  Probe (Chrono Boost)  
  33  8:06  Protoss Ground Weapons Level 1 (Chrono Boost)  
  33  8:08  Probe (Chrono Boost)  
  33  8:12  Probe  
  34  8:18  Probe  
  36  8:24  Probe  
  37  8:27  Stalker  
  37  8:30  Probe  
  37  8:31  Stalker  
  42  8:46  Forge  
  42  8:49  Probe (Chrono Boost)  
  42  8:52  Pylon  
  43  8:56  Warp Prism (Chrono Boost)  
  43  8:59  Probe (Chrono Boost)  
  46  9:04  Probe (Chrono Boost)  
  47  9:15  Probe  
  48  9:17  Dark Templar x2  
  48  9:18  Dark Templar  
  48  9:23  Dark Templar  
  46  9:50  Dark Templar  
  46  9:51  Dark Templar x2  
  23  10:03  Dark Templar  
  3  10:24  Stalker  
Tags
 
Add a new tag
Caveats
  • Supply blocks, unpowered buildings, or Contaminate may cause inaccurate times.
  • Supply counts are checked every 10 seconds.